Map: Acropolis LE

Players

Coek

  • Race: Protoss Protoss
  • League: Diamond
  • Spawn Location: 5:00

Gabriel

  • Race: Protoss Protoss
  • League: Gold
  • Spawn Location: 11:00

A.I. 2 (Elite) - Winner!

  • Race: Terran Terran

VOD

Have the link to the VOD?

Description

Time

  • Played on: May 28, 2019, 8:34 p.m.
  • Length: 8:16
Show
View Real Time Build Order
Export as new Build Order

Coek Protoss 

Build Orders: 1 Gate Expand, Zealot Archon 

Get SALT Encoding   

  12  0:02  Probe  
  13  0:14  Probe  
  13  0:18  Pylon  
  14  0:26  Probe  
  15  0:37  Probe  
  15  0:42  Gateway  
  16  0:45  Probe  
  16  0:46  Assimilator  
  17  0:53  Probe  
  18  1:05  Probe  
  19  1:17  Probe  
  20  1:30  Cybernetics Core  
  20  1:38  Nexus  
  21  1:40  Probe  
  21  1:47  Pylon  
  21  1:52  Probe  
  22  1:58  Stalker  
  21  2:01  Assimilator  
  21  2:04  Probe  
  22  2:12  Warp Gate  
  24  2:16  Probe  
  25  2:28  Stalker  
  27  2:34  Probe  
  28  2:44  Probe  
  28  2:45  Robotics Facility  
  28  2:47  Probe  
  30  2:52  Probe  
  30  2:55  Probe  
  31  2:58  Stalker  
  31  3:00  Probe  
  31  3:05  Probe  
  35  3:12  Probe  
  36  3:17  Gateway, Probe  
  38  3:24  Gateway  
  38  3:27  Observer  
  38  3:28  Probe  
  38  3:29  Probe  
  41  3:38  Pylon  
  41  3:40  Probe  
  42  3:41  Probe  
  42  3:47  Twilight Council  
  43  3:52  Probe  
  43  3:53  Probe  
  43  3:55  Assimilator  
  45  3:57  Assimilator  
  45  4:00  Observer  
  46  4:04  Probe  
  46  4:05  Probe  
  48  4:16  Probe  
  49  4:17  Probe  
  50  4:29  Probe x2  
  50  4:30  Nexus  
  52  4:32  Pylon  
  52  4:35  Charge  
  52  4:38  Stalker  
  54  4:41  Pylon  
  54  4:43  Pylon  
  54  4:51  Probe x2  
  56  5:02  Observer  
  56  5:03  Probe x2  
  59  5:15  Gateway x2, Probe x2  
  59  5:17  Gateway  
  61  5:27  Probe  
  61  5:28  Probe  
  63  5:39  Pylon  
  63  5:45  Probe x3  
  66  5:53  Zealot x3  
  72  5:57  Probe x3  
  72  6:04  Gateway  
  75  6:06  Gateway  
  75  6:08  Gateway  
  75  6:09  Probe x3  
  78  6:12  Assimilator  
  78  6:13  Gateway  
  78  6:15  Templar Archives  
  78  6:17  Assimilator  
  78  6:21  Probe x2  
  78  6:22  Probe  
  81  6:32  Zealot x4  
  85  6:33  Zealot x2  
  85  6:39  Probe x2  
  95  6:47  Forge x2  
  95  6:49  Probe  
  95  6:51  Probe x2  
  98  7:01  Probe  
  98  7:07  High Templar  
  101  7:09  Pylon  
  101  7:13  Pylon  
  101  7:18  Pylon  
  101  7:33  High Templar x3  
  101  7:34  High Templar x5  
  117  7:41  Pylon  
  117  7:43  Pylon  
  117  7:44  Archon x3  
  117  7:45  Archon  
  117  7:46  Pylon  
  117  7:48  Zealot x2  
  121  7:56  Probe  
  121  7:57  Probe x2  
  124  8:04  Nexus  
  124  8:05  Pylon x2  
  124  8:07  Pylon  
  124  8:08  Pylon  
  124  8:10  Pylon  
Show
View Real Time Build Order
Export as new Build Order

Gabriel Protoss 

Build Orders:  

Get SALT Encoding   

  12  0:00  SCV  
  13  0:13  SCV  
  14  0:18  Supply Depot  
  14  0:25  SCV  
  15  0:28  Refinery  
  15  0:40  SCV  
  16  0:46  Barracks  
  16  0:52  SCV  
  17  1:04  SCV  
  18  1:16  SCV  
  19  1:33  Marine  
  19  1:37  Orbital Command, Supply Depot  
  20  1:40  Factory  
  20  1:49  Barracks  
  20  1:52  Marine  
  21  2:03  SCV  
  21  2:05  Refinery  
  22  2:09  Marine  
  22  2:15  SCV  
  24  2:22  Supply Depot  
  24  2:26  Factory Tech Lab  
  24  2:27  SCV  
  24  2:28  Marine  
  26  2:35  Marine  
  27  2:45  Siege Tank, SCV  
  27  2:48  Marine  
  32  2:53  Marine  
  32  2:57  Supply Depot  
  33  3:00  SCV  
  34  3:05  Marine  
  34  3:11  Marine  
  36  3:17  Siege Tank  
  36  3:19  SCV  
  40  3:23  Marine  
  41  3:29  Marine  
  41  3:30  Supply Depot  
  42  3:46  Barracks Tech Lab, Starport  
  42  3:47  Barracks Tech Lab  
  42  3:49  Siege Tank  
  45  3:56  SCV  
  46  4:13  SCV  
  47  4:19  Stimpack  
  47  4:21  Medivac, Supply Depot  
  49  4:42  Marauder  
  51  4:46  Marauder  
  51  4:47  Engineering Bay  
  51  4:51  Medivac  
  55  4:53  Command Center  
  55  5:03  Marine  
  55  5:04  Supply Depot  
  56  5:08  Marauder  
  58  5:14  Combat Shield  
  60  5:21  Marauder  
  60  5:29  Marauder  
  60  5:32  Supply Depot  
  62  5:42  Terran Infantry Weapons Level 1, Marauder  
  64  5:50  Marauder  
  66  5:58  Engineering Bay  
  66  6:04  Marauder, SCV  
  68  6:05  SCV  
  70  6:14  Refinery  
  70  6:17  SCV x2  
  72  6:28  Concussive Shells  
  72  6:29  Marine, SCV x2  
  72  6:32  Barracks  
  75  6:35  Marine  
  76  6:41  SCV  
  79  6:47  Marauder  
  79  6:53  Command Center  
  79  6:58  SCV  
  79  6:59  SCV  
  81  7:06  Marauder  
  81  7:08  Marine  
  84  7:10  SCV  
  84  7:13  SCV, Supply Depot  
  86  7:19  Marine  
  86  7:22  SCV  
  88  7:25  SCV  
  88  7:26  Marauder  
  93  7:30  Marauder  
  93  7:34  SCV  
  94  7:37  Barracks Reactor, SCV, Supply Depot  
  95  7:46  SCV  
  95  7:49  SCV  
  95  7:51  Missile Turret  
  97  7:58  SCV  
  97  8:01  SCV  
  97  8:04  Missile Turret, SCV  
  100  8:06  Supply Depot  
  101  8:14  Missile Turret  
Show
View Real Time Build Order
Export as new Build Order

A.I. 2 (Elite) Terran - Winner!

Build Orders:  

Get SALT Encoding   

Tags
 
Add a new tag
Caveats
  • Supply blocks, unpowered buildings, or Contaminate may cause inaccurate times.
  • Supply counts are checked every 10 seconds.